[Event "III Menorca Open-A 2024"]
[Site "Ciutadella Menorca"]
[Date "2024.04.03"]
[Round "2.20"]
[White "Wegener, Olaf"]
[Black "Alonso Rosell, Alvar"]
[Result "1/2-1/2"]
[ECO "C70"]
[WhiteElo "2391"]
[BlackElo "2562"]
[Annotator "RC"]
[PlyCount "56"]
[EventDate "2024.04.02"]
[EventType "swiss"]
[EventCountry "ESP"]
[SourceTitle "playchess.com"]
[Source "ChessBase"]
[SourceQuality "1"]
[TimeControl "5400+30"]

1. e4 e5 2. Nf3 Nc6 3. Bb5 a6 4. Ba4 Nge7 5. c3 Ng6 6. d4 exd4 7. cxd4 Bb4+ 8. Bd2 O-O 9. O-O Bxd2 10. Nbxd2 d6 11. Rc1 Bd7 12. d5 Nce5 13. Nxe5 Nxe5 14. Bxd7 Nxd7 15. Qc2 Rc8 16. Nb3 Re8 17. Rfe1 c5 18. dxc6 Rxc6 19. Qd2 Rxc1 20. Qxc1 Nf6 21. f3 d5 22. e5 Nd7 23. f4 f6 24. Qd2 Nf8 25. Nd4 fxe5 26. fxe5 Ne6 27. Nxe6 Rxe6 28. h3 d4 1/2-1/2

[Event "III Menorca Open-A 2024"]
[Site "Ciutadella Menorca"]
[Date "2024.04.03"]
[Round "2.21"]
[White "Cuenca Jimenez, Jose Fernando"]
[Black "Blom, Vincent"]
[Result "1-0"]
[ECO "E18"]
[WhiteElo "2500"]
[BlackElo "2295"]
[Annotator "TA"]
[PlyCount "61"]
[EventDate "2024.04.02"]
[EventType "swiss"]
[EventCountry "ESP"]
[SourceTitle "playchess.com"]
[Source "ChessBase"]
[SourceQuality "1"]
[TimeControl "5400+30"]

1. d4 Nf6 2. c4 e6 3. Nf3 b6 4. g3 Bb7 5. Bg2 Be7 6. O-O O-O 7. Nc3 Ne4 8. Bd2 Nxd2 9. Qxd2 Bb4 10. Rad1 f5 11. d5 Qf6 {[%emt 0:06:42] White is slightly better.} 12. Nd4 e5 {[%emt 0:04:24] [#]} 13. Ndb5 Na6 14. a3 Bxc3 15. Qxc3 d6 16. b4 {[%emt 0:05:27] White is more active.} g5 ({Black should try} 16... f4) 17. f4 $16 gxf4 18. gxf4 e4 19. Qxf6 Rxf6 20. e3 Bc8 21. Kf2 Bd7 22. Rg1 Kh8 23. Bf1 Be8 24. Be2 (24. Rg5 $18) 24... Rg6 (24... Rh6 $16 {is a better defense.}) 25. h4 Rxg1 26. Rxg1 Bd7 27. Bh5 h6 $2 {[%emt 0:00:19] [#]} (27... Rg8 {keeps fighting.} 28. Rxg8+ (28. Nxa7 Rxg1 29. Kxg1 Nb8 $18) 28... Kxg8 29. Nxa7 Nb8) 28. Bg6 Rg8 29. Nxa7 Ra8 30. Nb5 Nb8 31. Bf7 {[%emt 0:01:19] Black did not feel at home in the position after the opening.   Weighted Error Value: White=0.13 (very precise) /Black=0.40.  Mistake:       	White=1     	Black=3      Inaccurate:     	---       	Black=2      OK:         	White=8     	Black=2      Best:        	White=1     	---} 1-0

[Event "III Menorca Open-A 2024"]
[Site "Ciutadella Menorca"]
[Date "2024.04.03"]
[Round "2.22"]
[White "Meneses Arenas, Mikel"]
[Black "Cramling Bellon, Anna"]
[Result "0-1"]
[ECO "D02"]
[WhiteElo "1851"]
[BlackElo "2115"]
[Annotator "RC"]
[PlyCount "93"]
[EventDate "2024.04.02"]
[EventType "swiss"]
[EventCountry "ESP"]
[SourceTitle "playchess.com"]
[Source "ChessBase"]
[SourceQuality "1"]
[TimeControl "5400+30"]

1. d4 d5 2. Bf4 Nf6 3. e3 c5 4. c3 Nc6 5. Nf3 Qb6 6. Qb3 c4 7. Qxb6 axb6 8. Nbd2 b5 9. Be2 b4 10. O-O h6 11. e4 bxc3 12. bxc3 dxe4 13. Ne5 Nd5 14. Bg3 Nxe5 15. Bxe5 b5 16. Nxe4 f6 17. Bg3 f5 18. Nc5 e6 19. Be5 Ra3 20. Bh5+ Kd8 21. Rfb1 Nxc3 22. Rb2 Bd7 23. Bf7 Ke7 24. Bh5 Bc6 25. Rc1 Nd5 26. Bf3 Rg8 27. Bxd5 Bxd5 28. Rxb5 Rxa2 29. Rb8 Kf7 30. h3 Be7 31. Rb6 Rc8 32. Nb7 c3 33. Nd6+ Bxd6 34. Rxd6 Ra7 35. Rb6 c2 36. Rb2 Ra2 37. Rxa2 Bxa2 38. Kf1 g5 39. g3 Kg6 40. Ke1 Bb1 41. Kd2 Rd8 42. Kd3 h5 43. h4 Ra8 44. hxg5 Kxg5 45. Bf4+ Kg6 46. Re1 c1=Q+ 47. Ke2 0-1

[Event "III Menorca Open-A 2024"]
[Site "Ciutadella Menorca"]
[Date "2024.04.03"]
[Round "2.23"]
[White "Setien Solar, Enrique"]
[Black "Prado, Alexandra"]
[Result "0-1"]
[ECO "B35"]
[WhiteElo "2055"]
[BlackElo "1877"]
[Annotator "RC"]
[PlyCount "58"]
[EventDate "2024.04.02"]
[EventType "swiss"]
[EventCountry "ESP"]
[SourceTitle "playchess.com"]
[Source "ChessBase"]
[SourceQuality "1"]
[TimeControl "5400+30"]

1. e4 c5 2. Nf3 g6 3. d4 cxd4 4. Nxd4 Bg7 5. Be3 Nf6 6. Nc3 Nc6 7. Bc4 O-O 8. f3 Qb6 9. Bb3 Nxe4 10. Nf5 Nxc3 11. Bxb6 Nxd1 12. Rxd1 gxf5 13. Be3 Bxb2 14. Kf2 d6 15. Rhe1 Bg7 16. g3 Be6 17. c4 Na5 18. Bd4 Nxb3 19. axb3 Bxd4+ 20. Rxd4 Rfc8 21. Re3 Rab8 22. g4 fxg4 23. fxg4 b5 24. cxb5 Rxb5 25. b4 Rc2+ 26. Kg3 Kf8 27. h3 Rb2 28. Ra3 Rb3+ 29. Rxb3 Bxb3 0-1

[Event "III Menorca Open-A 2024"]
[Site "Ciutadella Menorca"]
[Date "2024.04.03"]
[Round "2.24"]
[White "Berger, Lars"]
[Black "Saine, Zachary"]
[Result "0-1"]
[ECO "C54"]
[WhiteElo "1772"]
[BlackElo "2010"]
[Annotator "RC"]
[PlyCount "52"]
[EventDate "2024.04.02"]
[EventType "swiss"]
[EventCountry "ESP"]
[SourceTitle "playchess.com"]
[Source "ChessBase"]
[SourceQuality "1"]
[TimeControl "5400+30"]

1. e4 e5 2. Nf3 Nc6 3. Bc4 Bc5 4. O-O d6 5. c3 Bg4 6. h3 Bh5 7. d3 Nf6 8. Bg5 h6 9. Bxf6 Qxf6 10. Nbd2 g5 11. g4 Bg6 12. b4 Bb6 13. a4 a5 14. b5 Ne7 15. Bb3 h5 16. Nh2 Qf4 17. Kg2 hxg4 18. Nxg4 Bh5 19. Nc4 Ng6 20. Nxb6 Nh4+ 21. Kh1 cxb6 22. Rg1 Nf3 23. Qc1 Bxg4 24. Qxf4 Rxh3+ 25. Kg2 gxf4 26. Rh1 Nh4+ 0-1

[Event "III Menorca Open-A 2024"]
[Site "Ciutadella Menorca"]
[Date "2024.04.03"]
[Round "3.1"]
[White "Nihal Sarin"]
[Black "Cuenca Jimenez, Jose Fernando"]
[Result "1/2-1/2"]
[ECO "D05"]
[WhiteElo "2698"]
[BlackElo "2500"]
[Annotator "TA"]
[PlyCount "92"]
[EventDate "2024.04.02"]
[EventType "swiss"]
[EventCountry "ESP"]
[SourceTitle "playchess.com"]
[Source "ChessBase"]
[SourceQuality "1"]
[TimeControl "5400+30"]

1. d4 d5 2. Nf3 Nf6 3. e3 e6 4. Bd3 c5 5. O-O c4 6. Be2 b5 7. b3 Bb7 8. a4 a6 9. c3 Nbd7 10. Qc2 Be7 11. Ba3 O-O 12. Nbd2 Bxa3 13. Rxa3 Qc7 14. Qb2 Bc6 15. Rfa1 Rfb8 16. axb5 axb5 17. Rxa8 Rxa8 18. Rxa8+ Bxa8 19. Qa3 Bc6 20. h3 Qb8 21. g4 Qf8 22. Qb2 Qb8 23. Bd1 h6 24. Bc2 Qa7 25. Kg2 Qa5 26. b4 Qa7 27. Kf1 Ne4 28. Ke1 Nxd2 29. Kxd2 {[%emt 0:00:25] The position is equal.} Qb8 30. Qb1 Qa8 31. h4 Nf6 32. Ne5 Ne4+ 33. Bxe4 dxe4 34. Nxc6 Qxc6 $11 {[%emt 0:00:05][%mdl 4096] Endgame. KQ-KQ} 35. Qa2 Qb7 36. Qa5 Kh7 37. Ke1 h5 38. gxh5 Qd5 39. Qc7 Qxh5 40. Qf4 f5 41. Kf1 Qg4 42. Qxg4 fxg4 43. Kg2 {[%emt 0:00:10] [#] Black must now prevent Kg3.} Kg6 44. Kg3 Kf5 ({Don't go for} 44... Kh5 $2 45. Kf4 Kxh4 46. Kxe4 $18) (44... Kh5 $5) 45. Kg2 {[%emt 0:00:05] Threatens to win with Kg3.} Kg6 ({Inferior is} 45... e5 46. d5 Kg6 47. Kg3 Kf7 48. Kxg4 Kg6 49. h5+ Kf6 50. d6) 46. Kg3 Kf5 {[%emt 0:00:04] An uneventful encounter.   Weighted Error Value: White=0.02 (flawless) /Black=0.02 (flawless) .  Inaccurate:     	White=1     	Black=1      OK:         	White=20    	Black=25     Best:        	White=1     	---} (46... Kh5 47. Kf4 Kxh4 48. Kxe4 $16) (46... Kh5 $5) 1/2-1/2

[Event "III Menorca Open-A 2024"]
[Site "Ciutadella Menorca"]
[Date "2024.04.03"]
[Round "3.2"]
[White "Van Foreest, Jorden"]
[Black "Lamard, Guillaume"]
[Result "1/2-1/2"]
[ECO "D35"]
[WhiteElo "2672"]
[BlackElo "2495"]
[Annotator "TA"]
[PlyCount "122"]
[EventDate "2024.04.02"]
[EventType "swiss"]
[EventCountry "ESP"]
[SourceTitle "playchess.com"]
[Source "ChessBase"]
[SourceQuality "1"]
[TimeControl "5400+30"]

1. c4 e6 2. Nc3 d5 3. d4 Nf6 4. cxd5 exd5 5. Bg5 Be7 6. e3 O-O 7. Bd3 Re8 8. Nge2 {[%emt 0:05:11] 8.Nf3 is setting a new trend.} c6 9. O-O Nbd7 10. a4 {[%emt 0:01:17] D35: Queen's Gambit Declined: Exchange Variation.} h6 11. Bh4 Ne4 12. Bxe7 Qxe7 13. a5 Ndf6 14. Qc2 Bf5 $146 ({Predecessor:} 14... a6 15. h3 Bf5 16. Nd1 Bh7 17. Nf4 Rac8 18. Re1 c5 19. dxc5 Rxc5 20. Qa4 Rec8 {½-½ Maghsoodloo,P (2707)-Flores,D (2534) Julius Baer Rapid Div 3 W 2023 (1.2)}) 15. Nf4 Bh7 16. Rfe1 a6 17. f3 Nd6 18. Bxh7+ Nxh7 19. Nd3 Nf6 20. Qf2 Qc7 21. b3 Re7 22. g4 Rae8 23. Kh1 Nd7 24. Re2 Nf8 25. Nf4 Qd8 (25... f5 {with more complications.} 26. gxf5 Nxf5 27. Nfxd5 cxd5 28. Nxd5 Qd8) 26. h3 (26. b4 $15) 26... Ne6 27. Nd3 Nf8 ({Black should play} 27... Ng5 $17 28. Kg2 f6) 28. Kg2 ({White should try} 28. Nf4 $1 $11) 28... Ng6 29. Kg1 f5 30. b4 Rf7 31. Qg3 Nc4 32. f4 Qh4 33. Qxh4 Nxh4 34. Ne5 Nxe5 $1 35. fxe5 fxg4 36. hxg4 Ref8 37. Na4 Rf3 38. Kh2 g5 (38... h5 $1 $15 39. gxh5 R3f5) 39. Nc5 $11 Rf2+ 40. Rxf2 Rxf2+ 41. Kg1 Rg2+ 42. Kf1 Rd2 43. Re1 Nf3 $2 (43... Rh2 $11) 44. Re2 $18 Nh2+ $2 (44... Rd1+ 45. Kf2 Nh4 46. Nxb7 Rh1) 45. Ke1 $18 Rxe2+ 46. Kxe2 Nxg4 47. Nxb7 h5 48. Nd8 h4 49. Nxc6 $2 (49. Kf3 $1 $18 {[%cal Rf3g4] is the precise move to win.} Nh2+ 50. Kg2) 49... h3 $16 {[%emt 0:00:48] [#]} 50. Ne7+ $1 ({Not} 50. Kf3 Nxe3 (50... h2 $2 51. Kg2 $18) 51. Kg3 (51. Kxe3 $2 {is the wrong capture.} h2 $19) 51... g4 $11) 50... Kf7 51. Nf5 Ke6 52. Ng3 Kd7 53. Kf3 ({Better is} 53. Nf1 $16) 53... Nh2+ $11 54. Ke2 $2 (54. Kf2 $11 Ng4+ 55. Kf3 Nh2+ 56. Ke2) 54... Ng4 $1 $18 {[%emt 0:00:09] [#]} 55. e4 $2 (55. Nf1 $1 $18) 55... dxe4 $11 56. Nxe4 h2 57. Ng3 $1 Nh6 $1 58. Kf2 Nf5 $1 59. Nh1 $1 Nxd4 60. Kg2 Ke6 61. Nf2 Kxe5 1/2-1/2

[Event "III Menorca Open-A 2024"]
[Site "Ciutadella Menorca"]
[Date "2024.04.03"]
[Round "3.3"]
[White "Alekseenko, Kirill"]
[Black "Szpar, Milosz"]
[Result "1-0"]
[ECO "C02"]
[WhiteElo "2650"]
[BlackElo "2495"]
[Annotator "TA"]
[PlyCount "121"]
[EventDate "2024.04.02"]
[EventType "swiss"]
[EventCountry "ESP"]
[SourceTitle "playchess.com"]
[Source "ChessBase"]
[SourceQuality "1"]
[TimeControl "5400+30"]

1. e4 e6 2. d4 d5 3. e5 c5 4. c3 Nc6 5. Nf3 Bd7 6. Be2 Nge7 7. O-O cxd4 8. cxd4 Nf5 9. Nc3 a6 {[%emt 0:00:31] C02: French: Advance Variation.} 10. Kh1 Rc8 11. h3 $5 {[%emt 0:00:06][%mdl 4] 11.a3 is a critical line. A promising side line.} h5 $146 ({Predecessor:} 11... h6 12. Rb1 b5 13. Ra1 Bb4 14. Bd3 Nh4 15. Be3 Nxf3 16. Qxf3 Bxc3 17. bxc3 O-O {0-1 Esipenko,A (2704)-Kramnik,V (2753) Rostov on Don Rapid m 2024 (2)}) 12. Be3 Be7 13. Bd3 g6 (13... Nxe3 $11 14. fxe3 O-O) 14. Bxf5 $1 $16 gxf5 15. Rc1 Na5 16. b3 h4 17. Qd2 Nc6 18. Na4 b6 19. Bg5 Rb8 20. Bxe7 Nxe7 21. Nb2 Ng6 22. Rc3 Kf8 23. Rfc1 Kg7 24. Nd3 Rb7 25. R1c2 a5 26. Qc1 a4 27. Rc7 Rxc7 28. Rxc7 axb3 29. axb3 Rh5 30. Rb7 Bb5 31. Nb4 (31. Nf4 $6 Nxf4 32. Qxf4 Be2 $18) 31... f4 $2 (31... Be2 $16) 32. Nc6 (32. Qa1 $18 {is more deadly.}) 32... Qc8 33. Rxb6 Bd3 (33... Be2 $142 34. b4 Qa8) 34. Rb8 Qa6 35. Nb4 $2 (35. Nd8 $18 Be4 36. Nxf7 (36. Rb7 Rf5 $18) 36... Bxf3 37. Nd8) 35... Qa7 $16 {[%emt 0:00:02] [#]} 36. Nxd3 (36. Rc8 $1 $16 Be4 37. Rc7) 36... Qxb8 $11 37. Nxf4 Rf5 $2 (37... Nxf4 $11 38. Qxf4 Qxb3) 38. Nxg6 $18 fxg6 {[%emt 0:00:37] [#]} 39. Ng5 $1 ({Worse is} 39. Nxh4 Rxf2 40. Qg5 Qe8 $11) 39... Qb6 (39... Rxf2 40. Nxe6+ Kf7 41. Qc6 $16) 40. f4 Rxg5 $4 (40... Kf8 $16 41. Kh2 (41. Qc8+ Ke7 $16) 41... Ke7) 41. fxg5 $18 Qxd4 42. Qc7+ Kh8 43. Qd8+ Kh7 44. Qe7+ Kh8 45. Qf8+ Kh7 46. Qh6+ Kg8 47. Qxg6+ Kh8 48. Qh6+ Kg8 49. Qxe6+ Kh7 50. Qf7+ Kh8 51. Qf6+ Kh7 52. g6+ Kh6 53. g7+ Kh7 54. Qf5+ Kxg7 55. Qg4+ Qxg4 56. hxg4 Kf7 57. g5 Ke6 58. g6 d4 59. Kg1 d3 60. Kf2 Kd5 61. g7 1-0

[Event "III Menorca Open-A 2024"]
[Site "Ciutadella Menorca"]
[Date "2024.04.03"]
[Round "3.4"]
[White "Nogerbek, Kazybek"]
[Black "Pichot, Alan"]
[Result "1/2-1/2"]
[ECO "D02"]
[WhiteElo "2489"]
[BlackElo "2644"]
[Annotator "TA"]
[PlyCount "93"]
[EventDate "2024.04.02"]
[EventType "swiss"]
[EventCountry "ESP"]
[SourceTitle "playchess.com"]
[Source "ChessBase"]
[SourceQuality "1"]
[TimeControl "5400+30"]

1. d4 Nf6 2. c4 e6 3. Nf3 d5 4. g3 Bd6 5. Bg2 O-O 6. O-O Nbd7 7. Nfd2 c5 8. cxd5 exd5 9. Nc3 cxd4 10. Nb5 Nc5 11. Nxd4 Re8 12. b3 Qb6 13. N2f3 Bd7 14. Nc2 Nce4 15. Bb2 {[%emt 0:02:33] Prevents Nc3.} Rac8 16. Bd4 Qa6 17. Bxf6 Nxf6 18. Nfd4 h5 19. Ne3 Qa5 20. a3 Be5 $1 $15 {[%emt 0:06:24] A strong pair of Bishops.} (20... Bxa3 $2 {loses.} 21. Nec2 $18) 21. Qd3 Ne4 {[%emt 0:04:35] Threatens to win with ...Rc3.} 22. b4 {[%emt 0:05:59] [#]} (22. Rad1 $1 $15) 22... Qb6 (22... Qa6 $1 $17 {[%cal Ra6d3] Hoping for ...Qxd3.} 23. Bxe4 dxe4 24. Qxa6 bxa6) 23. Rad1 $11 Rc3 24. Nxd5 $1 {[%emt 0:01:30] The position is equal.} Rxd3 25. Nxb6 Rxd1 26. Rxd1 Nc3 27. Nxd7 Nxd1 28. Nxe5 Rxe5 29. Bxb7 {[%emt 0:00:06][%mdl 4096] Endgame. KRN-KBN} Nc3 30. e3 a5 31. Bc6 axb4 32. axb4 Kf8 33. Kf1 Nd5 34. Bxd5 (34. Nf3 $5 Rf5 $8 35. Nd4 Nxb4 36. Nxf5 Nxc6 37. Ke2 $16) 34... Rxd5 {[%emt 0:00:07] KR-KN} 35. Ke2 Ke7 36. h3 Rd7 37. Kd3 Kd6 38. Ke4 g6 {[%emt 0:02:20] Prevents Nf5+.} 39. g4 hxg4 40. hxg4 Rb7 41. b5 Ra7 42. g5 Ra2 43. f4 Ra3 44. Nc6 Rb3 45. Nd8 Ke7 {[%emt 0:00:26][%mdl 1024] Black has compensation.} 46. Nc6+ Kd6 47. Nd8 {[%emt 0:03:00] Weighted Error Value: White=0.09 (flawless) /Black=0.07 (flawless) .  Mistake:       	White=2     	Black=1      Inaccurate:     	White=1     	Black=1      OK:         	White=12    	Black=16     Best:        	White=3     	Black=3      Strong:       	White=1     	Black=1} 1/2-1/2

[Event "III Menorca Open-A 2024"]
[Site "Ciutadella Menorca"]
[Date "2024.04.03"]
[Round "3.5"]
[White "Koelle, Tobias"]
[Black "Warmerdam, Max"]
[Result "1/2-1/2"]
[ECO "E16"]
[WhiteElo "2467"]
[BlackElo "2628"]
[Annotator "TA"]
[PlyCount "58"]
[EventDate "2024.04.02"]
[EventType "swiss"]
[EventCountry "ESP"]
[SourceTitle "playchess.com"]
[Source "ChessBase"]
[SourceQuality "1"]
[TimeControl "5400+30"]

1. d4 Nf6 2. c4 e6 3. Nf3 b6 4. g3 Bb7 5. Bg2 Bb4+ 6. Bd2 c5 7. Bxb4 cxb4 8. O-O O-O 9. Nbd2 Qc7 10. Qb3 a5 11. a3 Na6 12. Ne5 Bxg2 13. Kxg2 d6 14. Nd3 e5 15. axb4 e4 16. b5 exd3 17. bxa6 dxe2 18. Rfe1 Rfe8 19. Qf3 Rxa6 20. Rxe2 Rxe2 21. Qxe2 Ra8 22. Ne4 Qb7 23. d5 {[%emt 0:00:43] [#] Strongly threatening Nxf6+.} Nxe4 24. Qxe4 $11 {[%emt 0:01:25][%mdl 4096] Endgame. KQR-KQR} h6 25. Qf4 Qc7 26. Re1 a4 27. Re3 Rc8 {[%emt 0:10:19] The position is equal.} 28. h4 Kf8 29. Re4 Kg8 {[%emt 0:06:51] Not much happened in this game.   Weighted Error Value: White=0.04 (flawless) /Black=0.04 (flawless) .  Mistake:       	---       	Black=1      OK:         	White=11    	Black=8      Best:        	White=1     	Black=3} (29... Re8 $11) 1/2-1/2

[Event "III Menorca Open-A 2024"]
[Site "Ciutadella Menorca"]
[Date "2024.04.03"]
[Round "3.6"]
[White "Seemann, Jakub"]
[Black "Aryan Chopra"]
[Result "1/2-1/2"]
[ECO "B51"]
[WhiteElo "2465"]
[BlackElo "2630"]
[Annotator "TA"]
[PlyCount "99"]
[EventDate "2024.04.02"]
[EventType "swiss"]
[EventCountry "ESP"]
[SourceTitle "playchess.com"]
[Source "ChessBase"]
[SourceQuality "1"]
[TimeControl "5400+30"]

1. e4 c5 2. Nf3 d6 3. Bb5+ Nd7 4. O-O a6 5. Bd3 Ngf6 6. Re1 e6 7. Bf1 b6 8. d4 {[%emt 0:00:25] The position is equal.} cxd4 9. Nxd4 Bb7 10. f3 Be7 11. c4 O-O 12. Nc3 Rc8 13. Qd2 Qc7 (13... Re8 $5) 14. b3 Ne5 (14... b5 $5) 15. Bb2 Rfd8 16. Rac1 Qb8 17. Kh1 Nfd7 18. f4 Nc6 19. Nc2 Bf6 (19... Bh4 $11) 20. b4 (20. Ne3 $14 {deserves consideration.}) 20... Ne7 $11 21. Ne3 Ng6 22. Ng4 Bh4 23. Nf2 h6 24. Rcd1 Be7 25. a3 Nf6 26. Qe3 Bc6 $1 27. Nd3 Bd7 (27... b5 $11) 28. e5 Ne8 29. f5 Bg5 30. Qf2 exf5 (30... Nxe5 31. fxe6 Bxe6 32. Nxe5 dxe5 33. c5) 31. Nd5 Be6 (31... Ba4 32. Qxf5 Nh4 33. Qg4 Bxd1 34. Qxd1 Rxc4 35. Nf2 $11) (31... Rxc4 $15 32. Nxb6 (32. Qxb6 Ba4 $17) 32... Bh4 33. Nxd7 Bxf2 34. Nxb8 Bxe1 35. Nxe1 Rf4) 32. Nxb6 ({Of course not} 32. Qxb6 Rxc4 33. Qxb8 Rxb8 $17) 32... Rc6 33. c5 $36 {[%emt 0:00:38][%mdl 2048] White has some pressure.} dxc5 34. bxc5 a5 {[%emt 0:02:18] Inhibits Nb4.} 35. Bc3 Be7 36. Rb1 (36. Qf3 $5 Rc7 37. Rb1 $11 (37. Bxa5 Bxc5 38. Na4 Bxa3 $14)) 36... Rxd3 37. Bxd3 $14 {[%emt 0:00:16][%cal Oc3d4] Black must now prevent Bd4!} Bxc5 38. Bd4 Nxe5 {[%emt 0:00:47] [#]} 39. Be2 {[%emt 0:04:49] White is more active.} (39. Rxe5 $2 {too greedy.} Qxe5 (39... Bxa3 $2 40. Rxa5 Qc7 41. Ra8 $18) 40. Bxe5 Bxf2 $19) ({Better is} 39. Nd7 $1 $16 Nxd3 40. Nxb8 Nxf2+ 41. Bxf2) 39... Bxd4 40. Qxd4 {[%emt 0:00:05][%cal Ob6c4] And now Nc4! would win.} Qc7 (40... Ng4 {is interesting.} 41. Bxg4 fxg4 42. Nd5 Qd6) 41. Nd5 (41. Na8 $5 Qd6 $8 42. Qxd6 Nxd6 43. Rb6 Rxb6 44. Nxb6 $16) 41... Bxd5 42. Qxd5 Nf6 {[%emt 0:00:10] Inhibits Bh5. Excellent horsemanship.} 43. Qb5 Ne4 {[%emt 0:01:00] [#] aiming for ...Kh7.} 44. Qb8+ Qxb8 45. Rxb8+ Kh7 46. Rb5 f6 47. Rxa5 Rc2 48. Kg1 Ra2 49. Ba6 Nd2 50. Bb7 {[%emt 0:02:11] Weighted Error Value: White=0.14 (very precise) /Black=0.13 (very precise) .  Mistake:       	White=2     	Black=4      Inaccurate:     	White=5     	Black=6      OK:         	White=17    	Black=16     Best:        	White=1     	Black=3      Strong:       	---       	Black=1} 1/2-1/2

[Event "III Menorca Open-A 2024"]
[Site "Ciutadella Menorca"]
[Date "2024.04.03"]
[Round "3.7"]
[White "Dardha, Daniel"]
[Black "Kosakowski, Jakub"]
[Result "1-0"]
[ECO "A04"]
[WhiteElo "2628"]
[BlackElo "2482"]
[Annotator "TA"]
[PlyCount "61"]
[EventDate "2024.04.02"]
[EventType "swiss"]
[EventCountry "ESP"]
[SourceTitle "playchess.com"]
[Source "ChessBase"]
[SourceQuality "1"]
[TimeControl "5400+30"]

1. Nf3 Nf6 2. g3 c5 3. Bg2 Nc6 4. O-O e5 5. e4 Be7 6. Nc3 d6 7. d3 h6 8. Nd2 {[%emt 0:01:54][%cal Bf3d2,Bd2c4,Bc4e3][%mdl 32] White has an edge.} Rb8 9. Nc4 b5 10. Ne3 O-O 11. f4 b4 12. Ncd5 Nxd5 13. exd5 exf4 $1 14. dxc6 fxe3 15. Bxe3 Be6 16. Qh5 Bg5 (16... d5 $11) 17. Bxg5 $1 $16 Qxg5 18. Qxg5 hxg5 19. a3 Rfc8 20. axb4 cxb4 21. Rxa7 {[%emt 0:04:12] Hoping for c7.} d5 $1 22. Ra6 {[%emt 0:09:37] White has more active pieces.} Rc7 23. c3 $36 {[%emt 0:00:31][%mdl 2048] White is more active.} Rbc8 {[%emt 0:06:32] This move loses the game for Black.} (23... bxc3 $14 24. bxc3 Rb3) 24. c4 $1 $18 (24. cxb4 Rxc6 25. Rxc6 Rxc6 $11) 24... dxc4 {[%emt 0:02:45] [#]} 25. d4 {[%emt 0:00:04] aiming for d5.} Rd8 {[%emt 0:05:02] [#]} 26. d5 Rxd5 (26... Bxd5 $2 27. Rd1 $18) 27. Bxd5 Bxd5 28. Rf5 Be4 (28... Bxc6 $142 29. Rc5 (29. Rxg5 Be4 $11) 29... Bb7 30. Rxc7 Bxa6) 29. Rc5 Kh7 $2 (29... c3 30. bxc3 (30. Rxg5 $2 {too greedy.} cxb2 31. Kf2 b1=Q $19) 30... bxc3 31. Rxc3 Kf8) 30. Kf2 ({Stronger than} 30. Rxc4 Bd3 31. b3 Bxc4 32. bxc4 b3 $11) 30... f5 31. Ke3 {[%emt 0:01:00] Weighted Error Value: White=0.02 (flawless) /Black=0.29 (precise) .  Mistake:       	---       	Black=4      Inaccurate:     	White=1     	---        OK:         	White=13    	Black=9      Best:        	White=2     	---        Strong:       	White=2     	Black=2      Brilliant:      	White=1     	---} ({Not} 31. Rxc4 Bd3 $18) 1-0

[Event "III Menorca Open-A 2024"]
[Site "Ciutadella Menorca"]
[Date "2024.04.03"]
[Round "3.8"]
[White "Agmanov, Zhandos"]
[Black "Chigaev, Maksim"]
[Result "1/2-1/2"]
[ECO "C88"]
[WhiteElo "2458"]
[BlackElo "2617"]
[Annotator "TA"]
[PlyCount "42"]
[EventDate "2024.04.02"]
[EventType "swiss"]
[EventCountry "ESP"]
[SourceTitle "playchess.com"]
[Source "ChessBase"]
[SourceQuality "1"]
[TimeControl "5400+30"]

1. e4 e5 2. Nf3 Nc6 3. Bb5 a6 4. Ba4 Nf6 5. O-O Be7 6. Re1 b5 7. Bb3 O-O 8. a4 Rb8 9. axb5 axb5 10. c3 d6 11. d4 exd4 12. cxd4 d5 13. e5 Ne4 14. Nbd2 {[%emt 0:16:59] White is slightly better.} Bf5 15. Bc2 Nb4 {[%emt 0:02:50][%cal Oe4f2] [#] ...Nxf2! would now be deadly.} 16. Bb1 {[%emt 0:03:20][%cal Rd2e4] The position is equal.} Ra8 17. Ra3 Rxa3 18. bxa3 Nc3 19. Qb3 Nxb1 20. axb4 Nxd2 21. Bxd2 Be4 {[%emt 0:03:06] Weighted Error Value: White=0.07 (flawless) /Black=0.00 (flawless) .  Inaccurate:     	White=1     	---        OK:         	White=5     	Black=8} 1/2-1/2

[Event "III Menorca Open-A 2024"]
[Site "Ciutadella Menorca"]
[Date "2024.04.03"]
[Round "3.9"]
[White "Karthik Venkataraman"]
[Black "Macias Pino, Diego"]
[Result "1/2-1/2"]
[ECO "C79"]
[WhiteElo "2609"]
[BlackElo "2478"]
[Annotator "TA"]
[PlyCount "33"]
[EventDate "2024.04.02"]
[EventType "swiss"]
[EventCountry "ESP"]
[SourceTitle "playchess.com"]
[Source "ChessBase"]
[SourceQuality "1"]
[TimeControl "5400+30"]

1. e4 e5 2. Nf3 Nc6 3. Bb5 Nf6 4. d3 d6 5. O-O a6 6. Ba4 b5 7. Bb3 Na5 8. Bd2 Nxb3 {[%emt 0:01:52] The position is equal.} 9. axb3 Bb7 10. b4 Be7 11. Re1 O-O 12. Nc3 Re8 13. h3 h6 14. Re2 Bf8 15. Qe1 Rc8 16. Nh2 c5 17. bxc5 {[%emt 0:02:35] Weighted Error Value: White=0.13 (very precise) /Black=0.03 (flawless) .  Inaccurate:     	White=1     	---        OK:         	White=3     	Black=7      Best:        	White=1     	---} 1/2-1/2